 Dungeon Crawl Stone Soup version 0.23.0 (webtiles) character file.

Game seed: 6215466907289465095

13 Monsterracer the Charmwright (level 2, -1/23 HPs)
             Began as a Formicid Skald on Feb 14, 2019.
             Slain by a kobold
             ... wielding a cursed -3 whip
              (3 damage)
             ... on level 1 of the Dungeon.
             The game lasted 00:00:49 (424 turns).

Monsterracer the Charmwright (Formicid Skald)        Turns: 424, Time: 00:00:49

Health: -1/23      AC:  3    Str: 15    XL:     2   Next: 50%
Magic:  5/5        EV: 12    Int: 12    God:
Gold:   6          SH:  0    Dex: 10    Spells: 4/5 levels left

rFire    . . .     SeeInvis +   a - +0 mace
rCold    + . .     Gourm    .   (no shield)
rNeg     . . .     Faith    .   b - +0 leather armour
rPois    .         Spirit   .   (helmet unavailable)
rElec    .         Reflect  .   (no cloak)
rCorr    .         Harm     .   (no gloves)
MR       .....                  (no boots)
Stlth    +.........             (no amulet)
HPRegen  0.07/turn              C - ring of protection from cold {!d}
MPRegen  0.09/turn              (no ring)

@: infused (expiring)
A: permanent stasis, dig shafts and tunnels, four strong arms, antennae 3
a: Dig, Shaft Self


You were on level 1 of the Dungeon.
You were not hungry.

You visited 1 branch of the dungeon, and saw 1 of its levels.

You collected 6 gold pieces.

Inventory:

Hand Weapons
 a - a +0 mace (weapon)
Armour
 b - a +0 leather armour (worn)
Jewellery
 C - a ring of protection from cold (left hand) {!d}
Scrolls
 d - a scroll of magic mapping {unknown}
 e - a scroll of teleportation {unknown}
 f - 3 scrolls of identify {unknown}
Comestibles
 c - a ration


   Skills:
 + Level 2.3 Fighting
 + Level 2.1 Maces & Flails
 + Level 1.4 Armour
 + Level 1.9 Dodging
 + Level 2.3 Spellcasting
 + Level 3.1 Charms


You had 4 spell levels left.
You knew the following spells:

 Your Spells              Type           Power        Failure   Level  Hunger
a - Infusion              Chrm           #...         9%          1    ##.....

Your spell library contained the following spells:

 Spells                   Type           Power        Failure   Level  Hunger
 Song of Slaying          Chrm           #.......     14%         2    ###....
 Shroud of Golubria       Chrm/Tloc      #.........   26%         2    ###....
 Regeneration             Chrm/Necr      #.........   45%         3    ####...
 Spectral Weapon          Hex/Chrm       #.......     45%         3    ####...


Dungeon Overview and Level Annotations

Branches:
Dungeon (1/15)

Altars:


Innate Abilities, Weirdness & Mutations

You cannot be hasted, slowed, berserked, paralysed or teleported.
You can dig through walls and to a lower floor.
Your four strong arms can wield two-handed weapons with a shield.
You have a pair of large antennae on your head. (SInv)


Message History

f - a ring of protection from cold (left hand)
C - a ring of protection from cold (left hand)
You now have 6 gold pieces.
Found a short sword.
f - 3 scrolls labeled IBREJO ZIUSECK Health restored: 23 A goblin comes into view.
The goblin shouts!
You hear a shout! x2; You hear an angry hiss.
A goblin is nearby!
A goblin is nearby!
You see here a short sword.
You sock the goblin!
You kill the goblin!
No target in view!
No target in view!
No target in view!
A frilled lizard, a bat, a goblin and a hobgoblin come into view.
The frilled lizard hisses angrily.
The goblin shouts!
You hear a shout!
The frilled lizard moves out of view.
Found a dagger.
The bat barely misses you. The bat hits you.
You take 1 damage, and have 22/23 hp.
You barely miss the bat. The bat hits you. The bat closely misses you.
The bat hits you but does no damage.
A kobold comes into view. It is wielding a -3 whip.
You miss the bat. The bat closely misses you.
You hit the hobgoblin.
The hobgoblin is almost dead.
The hobgoblin hits you with a +0 club. The goblin closely misses you.
You take 3 damage, and have 19/23 hp.
You hit the hobgoblin.
You kill the hobgoblin!
The goblin closely misses you. The frilled lizard closely misses you.
You barely miss the goblin. The goblin hits you but does no damage.
The frilled lizard bites you. The goblin hits you with a +0 dagger.
You take 4 damage, and have 15/23 hp.
You see here a short sword.
You hit the frilled lizard.
You kill the frilled lizard!
The bat closely misses you. The bat hits you but does no damage. x2
You closely miss the bat. The bat barely misses you.
You closely miss the bat. The bat closely misses you.
The bat hits you but does no damage.
You barely miss the bat. The bat barely misses you. The bat misses you.
You closely miss the bat. The bat barely misses you.
The bat closely misses you.
You barely miss the bat. The bat closely misses you. x2
The bat hits you but does no damage.
You closely miss the bat. The bat hits you.
You take 1 damage, and have 15/23 hp.
You barely miss the bat. The bat hits you but does no damage.
You closely miss the bat. The bat closely misses you. The bat misses you.
You closely miss the bat. The bat hits you but does no damage.
You hit the bat.
You kill the bat!
Casting: Infusion (safe; 9% risk of failure)
Confirm with . or Enter, or press ? or * to list all spells.
You begin infusing your attacks with magical energy.
The kobold closely misses you.
A hobgoblin comes into view.
You now have 4/5 mp.
You hit the kobold.
The kobold is moderately wounded.
The kobold barely misses you. x2
You hit the kobold but do no damage.
The kobold is moderately wounded.
The kobold barely misses you.
You barely miss the kobold.
The kobold is moderately wounded.
The kobold closely misses you.
You barely miss the kobold.
The kobold is moderately wounded.
The kobold hits you but does no damage.
A hobgoblin comes into view. It is wielding a +0 club.
You barely miss the kobold.
The kobold is moderately wounded.
The hobgoblin shouts!
The kobold misses you.
The kobold hits you with a cursed -3 whip.
You take 3 damage, and have 12/23 hp.
You barely miss the kobold.
The kobold is moderately wounded.
The kobold hits you with a cursed -3 whip!
* * * LOW HITPOINT WARNING * * *
You take 7 damage, and have 5/23 hp.
MASSIVE DAMAGE!!
Press: ? - help, v - describe, . - travel, g - get item
Here: a kobold, wielding a -3 whip and wearing a +0 ring mail (moderately wounded)
A bat corpse.
The floor.
You completely miss the kobold.
The kobold is moderately wounded.
The kobold closely misses you.
MP restored: 5 You hit the kobold but do no damage.
The kobold is moderately wounded.
Your magical infusion is running out.
The kobold hits you with a cursed -3 whip.
* * * LOW HITPOINT WARNING * * *
The kobold hits you with a cursed -3 whip.
You die...

##.## ##...####
##....... ....)..
..... ... { #)#
#####g#.##.. #.
#..@Kgg...... #.
##.########...
###.####..####.
######.....#####
###...#.....#...#
####.#.⌠)#.....#.⌠.#
....#...#.....#...#
#...#####.....######
#.>#...............#


You could see 2 hobgoblins, a goblin and a kobold.

Vanquished Creatures
  A dart slug (D:1)
  A ball python (D:1)
  2 goblins (D:1)
  3 hobgoblins (D:1)
  A bat (D:1)
  A frilled lizard (D:1)
  A rat (D:1)
10 creatures vanquished.

Notes
Turn   | Place    | Note
-------+----------+-------------------------------------------
     0 | D:1      | Monsterracer the Formicid Skald began the quest for the
                  | Orb.
     0 | D:1      | Reached XP level 1. HP: 16/16 MP: 3/3
    26 | D:1      | HP: 6/16 [hobgoblin/+0 club (4)]
    30 | D:1      | Reached XP level 2. HP: 8/23 MP: 0/5
   422 | D:1      | HP: 5/23 [kobold/cursed -3 whip (7)]
   424 | D:1      | HP: 2/23 [kobold/cursed -3 whip (3)]
   424 | D:1      | Slain by a kobold

Action                   || total
-------------------------++-------
Melee: Mace              ||    42
 Cast: Infusion          ||     2
Armor: Leather armour    ||    13
Dodge: Dodged            ||    36

Levels and vault maps discovered:
D:1:      minmay_arrival_glassed_features, layout_loops_ring
